% Time on Ice - EDMONTON ICE
Lines # - Real PCT - Wanted PCT - Time Play
Normal Forward
1 - 35% - 36% - 15:28
2 - 32% - 34% - 14:19
3 - 21% - 24% - 9:32
4 - 12% - 6% - 5:18
Normal Defense
1 - 38% - 36% - 17:00
2 - 33% - 34% - 14:46
3 - 25% - 23% - 11:18
4 - 3% - 7% - 1:33
PP Forward
1 - 45% - 60% - 0:54
2 - 55% - 40% - 1:05
PP Defense
1 - 45% - 55% - 0:54
2 - 55% - 45% - 1:05
PK Forward
1 - 60% - 55% - 8:05
2 - 40% - 45% - 5:19
PK Defense
1 - 47% - 55% - 6:18
2 - 53% - 45% - 7:06
PK3 Forward
1 - 0% - 55%
2 - 0% - 45%
PK3 Defense
1 - 0% - 55%
2 - 0% - 45%
44 Forward
1 - 0% - 55%
2 - 0% - 45%
44 Defense
1 - 0% - 55%
2 - 0% - 45%
Last Minute Offensive  - 0:00
Last Minute Defensive  - 0:00
Total
Forward - 60:00
Defense - 60:00
% Time on Ice - SALEM BLACK JAYS
Lines # - Real PCT - Wanted PCT - Time Play
Normal Forward
1 - 37% - 36% - 16:34
2 - 27% - 31% - 11:56
3 - 14% - 23% - 6:08
4 - 22% - 10% - 9:59
Normal Defense
1 - 33% - 36% - 14:34
2 - 35% - 31% - 15:30
3 - 29% - 23% - 12:54
4 - 4% - 10% - 1:39
PP Forward
1 - 50% - 55% - 6:45
2 - 50% - 45% - 6:39
PP Defense
1 - 51% - 55% - 6:52
2 - 49% - 45% - 6:32
PK Forward
1 - 53% - 55% - 1:03
2 - 47% - 45% - 0:56
PK Defense
1 - 39% - 55% - 0:46
2 - 61% - 45% - 1:13
PK3 Forward
1 - 0% - 55%
2 - 0% - 45%
PK3 Defense
1 - 0% - 55%
2 - 0% - 45%
44 Forward
1 - 0% - 55%
2 - 0% - 45%
44 Defense
1 - 0% - 55%
2 - 0% - 45%
Last Minute Offensive  - 0:00
Last Minute Defensive  - 0:00
Total
Forward - 60:00
Defense - 60:00
Play-by-Play 1st period 0:01 of 1st period - Ryan O'Reilly wins face-off versus Brett Ritchie in neutral zone. 0:07 of 1st period - Ryan O'Reilly is hit by Joshua Morrissey and loses puck. 0:20 of 1st period - Shot by Kasperi Kapanen. 0:20 of 1st period - Shot Blocked by Joshua Morrissey. 0:22 of 1st period - Shot by Anthony Mantha. 0:22 of 1st period - Stopped by Mike Smith with a rebound. 0:24 of 1st period - Shot by Colton Parayko. 0:24 of 1st period - Stopped by Mike Smith without a rebound. 0:25 of 1st period - Valtteri Filppula wins face-off versus Mikko Rantanen in SALEM BLACK JAYS zone. 1:08 of 1st period - Shot by Jaden Schwartz. 1:08 of 1st period - Stopped by Mike Smith without a rebound. 1:09 of 1st period - Eric Fehr wins face-off versus Filip Chytil in SALEM BLACK JAYS zone. 1:33 of 1st period - Shot by Trevor Lewis. 1:33 of 1st period - Shot Misses the Net. 1:56 of 1st period - Icing by Casey Nelson. 1:57 of 1st period - Dylan Larkin wins face-off versus Conor Sheary in EDMONTON ICE zone. 2:10 of 1st period - Shot by Dylan Larkin. 2:10 of 1st period - Stopped by Jake Allen without a rebound. 2:11 of 1st period - Ryan O'Reilly wins face-off versus Mikko Rantanen in EDMONTON ICE zone. 2:24 of 1st period - Anthony Mantha is hit by Par Lindholm and loses puck. 3:04 of 1st period - Off-side. 3:05 of 1st period - Dylan Larkin wins face-off versus Valtteri Filppula in neutral zone. 3:16 of 1st period - Patric Hornqvist is hit by Brett Ritchie. 3:28 of 1st period - Shot by Patric Hornqvist. 3:28 of 1st period - Stopped by Mike Smith without a rebound. 3:29 of 1st period - Kyle Clifford wins face-off versus Oscar Lindberg in SALEM BLACK JAYS zone. 4:03 of 1st period - Kyle Clifford is hit by Markus Nutivaara and loses puck. 4:30 of 1st period - Off-side. 4:31 of 1st period - Valtteri Filppula wins face-off versus Mikko Rantanen in neutral zone. 4:40 of 1st period - Shot by Patric Hornqvist. 4:40 of 1st period - Deflect By Valtteri Filppula. 4:40 of 1st period - Stopped by Mike Smith with a rebound. 4:46 of 1st period - Shot by Jaden Schwartz. 4:46 of 1st period - Stopped by Mike Smith without a rebound. 4:47 of 1st period - Ryan O'Reilly wins face-off versus Dylan Larkin in SALEM BLACK JAYS zone. 5:03 of 1st period - Icing by Ryan O'Reilly. 5:04 of 1st period - Ryan O'Reilly wins face-off versus Casey Cizikas in EDMONTON ICE zone. 5:04 of 1st period - Ryan O'Reilly is hit by Casey Cizikas. 5:43 of 1st period - Shot by Kasperi Kapanen. 5:43 of 1st period - Shot Misses the Net. 5:45 of 1st period - Shot by Jeff Petry. 5:45 of 1st period - Deflect By Ryan O'Reilly. 5:45 of 1st period - Goal by Ryan O'Reilly - EDMONTON ICE : 1 - SALEM BLACK JAYS : 0. 5:46 of 1st period - Dylan Larkin wins face-off versus Valtteri Filppula in neutral zone. 7:17 of 1st period - Shot by Mathew Barzal. 7:17 of 1st period - Stopped by Jake Allen with a rebound. 7:35 of 1st period - Shot by Filip Chytil. 7:35 of 1st period - Shot Blocked by Casey Nelson. 8:13 of 1st period - Adam Larsson is hit by Anthony Mantha and loses puck. 8:30 of 1st period - Shot by Anthony Mantha. 8:30 of 1st period - Shot Misses the Net. 8:32 of 1st period - Shot by Anthony Mantha. 8:32 of 1st period - Stopped by Mike Smith with a rebound. 9:01 of 1st period - Oscar Lindberg is hit by Cody Ceci and loses puck. 10:07 of 1st period - Mikko Rantanen is hit by Oscar Klefbom and loses puck. 11:03 of 1st period - Mitchell Marner is hit by Jaden Schwartz and loses puck. 11:20 of 1st period - Off-side. 11:21 of 1st period - Ryan O'Reilly wins face-off versus Casey Cizikas in neutral zone. 11:28 of 1st period - Shot by Anthony Mantha. 11:28 of 1st period - Stopped by Mike Smith without a rebound. 11:29 of 1st period - Filip Chytil wins face-off versus Ondrej Kase in SALEM BLACK JAYS zone. 11:29 of 1st period - Filip Chytil is hit by Ondrej Kase. 11:59 of 1st period - Shot by Conor Sheary. 11:59 of 1st period - Deflect By Ondrej Kase. 11:59 of 1st period - Stopped by Mike Smith without a rebound. 12:00 of 1st period - Ryan O'Reilly wins face-off versus Mikko Rantanen in SALEM BLACK JAYS zone. 12:03 of 1st period - Shot by Ryan O'Reilly. 12:03 of 1st period - Stopped by Mike Smith without a rebound. 12:04 of 1st period - Ryan O'Reilly wins face-off versus Mikko Rantanen in SALEM BLACK JAYS zone. 12:07 of 1st period - Shot by Ryan O'Reilly. 12:07 of 1st period - Shot Misses the Net. 12:17 of 1st period - Shot by Ryan O'Reilly. 12:17 of 1st period - Stopped by Mike Smith without a rebound. 12:18 of 1st period - Dylan Larkin wins face-off versus Valtteri Filppula in SALEM BLACK JAYS zone. 12:18 of 1st period - Mitchell Marner is hit by Patric Hornqvist and loses puck. 12:22 of 1st period - Icing by Michal Kempny. 12:23 of 1st period - Ryan O'Reilly wins face-off versus Dylan Larkin in SALEM BLACK JAYS zone. 12:57 of 1st period - Shot by Mitchell Marner. 12:57 of 1st period - Shot Misses the Net. 12:59 of 1st period - Shot by Jason Demers. 12:59 of 1st period - Stopped by Jake Allen without a rebound. 13:00 of 1st period - Valtteri Filppula wins face-off versus Casey Cizikas in EDMONTON ICE zone. 13:00 of 1st period - Valtteri Filppula is hit by Mikko Rantanen. 14:12 of 1st period - Shot by Dylan Larkin. 14:12 of 1st period - Stopped by Jake Allen with a rebound. 14:55 of 1st period - Icing by Mikko Rantanen. 14:56 of 1st period - Ryan O'Reilly wins face-off versus Mikko Rantanen in SALEM BLACK JAYS zone. 14:57 of 1st period - Shot by Anthony Mantha. 14:57 of 1st period - Shot Bl